Cogmind - Beta 13 @@@ ROGUE MODE // 2024.07.16 @ 22:08:32 Player: harambe Result: Destroyed by Y-64 Sentinel with KE Penetrator Performance ------------- Evolutions (5) 2500 Regions Visited (10) 2000 Robots Destroyed (77) 385 Value Destroyed (2602) 2602 Prototype IDs (9) 180 Alien Tech Used (0) 0 Bonus (1005) 1005 TOTAL SCORE: 8672 Bonus ------- Follower Combat Kills 627 Met Imprinter 300 Was Imprinted 300 Friendly Fire -222 Cogmind --------- Core Integrity 0/1000 Matter 267/300 Energy 100/100 System Corruption 21% Temperature Cool (0) Movement Core (50) Location -5/Extension Parts ------- > --- POWER (2) -------- (None) > --- PROPULSION (8) --- (None) > --- UTILITY (5) ------ (None) > --- WEAPON (2) ------- (None) > --- INVENTORY (5) ---- Storm Laser GAL Module Peak State ------------ > --- POWER ------------ Neutrino Core Light Antimatter Reactor > --- PROPULSION ------- Improved Treads Improved Treads Carbon-fiber Leg Carbon-fiber Leg Carbon-fiber Leg Carbon-fiber Leg Carbon-fiber Leg Myomer Leg > --- UTILITY ---------- Advanced Heat Sink Advanced Heat Sink Advanced Terrain Scan Processor 0b10 Decoder Chip [Scout] Z-Drone Bay > --- WEAPON ----------- Zionite Laser-S Ripper > --- INVENTORY -------- Storm Laser GAL Module [Rating: 77] Favorites ----------- Power Light Ion Engine Engine Light Ion Engine Power Core Light Fission Core Reactor Light Antimatter Reactor Propulsion Carbon-fiber Leg Treads Improved Treads Leg Carbon-fiber Leg Hover Unit Gravmag Array Flight Unit Cesium-ion Thruster Utility High-capacity Storage Unit Device Improved Sensor Array Storage High-capacity Storage Unit Processor 0b10 Decoder Chip [Scout] Hackware Hacking Suite Protection Improved Propulsion Shielding Weapon Beam Rifle Energy Gun Beam Rifle Energy Cannon Heavy Ion Cannon Ballistic Gun Heavy Assault Rifle Ballistic Cannon Bore Cannon Launcher Rocket Launcher Impact Weapon Flail Slashing Weapon Ripper Piercing Weapon CR-A16's Pointy Stick Build | -11 -10 -9 -8 -7 -6 -6 -6 -5 -5 -5 ------- Run | Yrd Mat Mat Mat Fac Fac Low Zio Pro Fac Ext Slots Evolved 10 | . . 2 2 2 2 . . . 2 . Power 1 | . . . . . 1 . . . . . Propulsion 6 | . . 2 1 1 . . . . 2 . Utility 3 | . . . 1 1 1 . . . . . Weapon . | . . . . . . . . . . . Parts Attached 162 | . 15 15 31 25 19 12 4 4 3 34 Power 21 | . 3 2 5 2 2 1 . . . 6 Engine 14 | . 3 2 4 1 2 . . . . 2 Core 6 | . . . 1 1 . 1 . . . 3 Reactor 1 | . . . . . . . . . . 1 Propulsion 59 | . 4 8 15 5 3 6 . . 1 17 Treads 6 | . . . 1 . . . . . . 5 Leg 42 | . 4 8 12 5 2 . . . . 11 Wheel . | . . . . . . . . . . . Hover 2 | . . . . . . . . . 1 1 Flight 9 | . . . 2 . 1 6 . . . . Utility 32 | . 4 . 5 6 3 3 3 1 1 6 Device 14 | . . . 2 3 1 1 2 1 . 4 Storage 5 | . 4 . . . . 1 . . . . Processor 4 | . . . . . 1 . 1 . 1 1 Hackware 2 | . . . . . . 1 . . . 1 Protection 7 | . . . 3 3 1 . . . . . Artifact . | . . . . . . . . . . . Weapon 50 | . 4 5 6 12 11 2 1 3 1 5 Energy Gun 22 | . 4 4 5 6 2 . . . . 1 Energy Cannon 1 | . . . . . 1 . . . . . Ballistic Gun 9 | . . . 1 1 4 1 . . . 2 Ballistic Cannon 3 | . . . . 1 . 1 . . . 1 Launcher 5 | . . 1 . 1 1 . . 2 . . Special Weapon . | . . . . . . . . . . . Impact Weapon 6 | . . . . 3 3 . . . . . Slashing Weapon 1 | . . . . . . . . . . 1 Piercing Weapon 3 | . . . . . . . 1 1 1 . Special Melee Weapon . | . . . . . . . . . . . Unidentified Prototypes 8 | . 1 . 3 . . . 2 . . 2 Parts Lost 40 | . 1 2 6 3 8 . 1 6 7 6 Power 4 | . . . . 1 . . . 1 . 2 Propulsion 18 | . . 2 5 . 4 . . 4 2 1 Utility 10 | . . . 1 2 1 . . . 4 2 Weapon 8 | . 1 . . . 3 . 1 1 1 1 Highest Loss Streak 7 | . 1 2 3 1 4 . 1 4 7 2 To Critical Strikes . | . . . . . . . . . . . Average Slot Usage (%) 89 | . 99 99 98 99 98 79 80 75 29 71 Engine 7 | . 14 11 7 6 13 6 . . . . Core 1 | . . . 1 . . 3 6 6 . 3 Treads 1 | . . . 1 . . . . . . 9 Leg 29 | . 28 43 38 46 37 . . . . 24 Flight 5 | . . . 2 . . 40 40 34 5 . Device 7 | . . . 8 15 13 13 6 6 2 7 Storage 11 | . 27 22 15 7 6 6 6 6 3 . Processor 3 | . . . . . 6 6 12 13 8 7 Hackware 1 | . . . . . . . 6 6 2 2 Protection 2 | . . . 3 7 5 . . . . . Energy Gun 12 | . 28 21 15 13 6 . . . . 1 Ballistic Gun 1 | . . . 2 . 3 . . . . 1 Naked Turns 4 | . . . . . . . . . . 4 Heaviest Build 80 | 12 51 52 60 63 80 29 29 32 24 39 Greatest Support 100 | 20 20 43 75 93 93 29 29 29 20 100 Greatest Overweight (x) 7 | . 2 1 2 . 1 . . 2 7 2 Average Overweight (x) . | . . 1 . . . . . . . . Largest Inventory Capacity 20 | . 20 20 20 20 20 20 15 15 15 5 Average Capacity 16 | . 14 20 20 20 20 17 15 15 11 5 Most Carried 20 | . 20 20 20 20 20 19 15 15 14 5 Average Carried 15 | . 11 19 19 19 19 16 14 14 9 5 Final Capacity 20 | 8 20 20 20 20 20 15 15 15 5 5 Final Carried 20 | 6 20 20 20 19 20 15 15 14 5 5 Class Distribution -------------------- 63% | Mutant 25% | Scavenger-Mutant 11% | Sprinter Dominant Class ---------------- Mutant | -10/Materials Mutant | -9/Materials Scavenger-Mutant | -8/Materials Mutant | -7/Factory Mutant | -6/Factory Mutant | -6/Lower Caves Sprinter | -6/Zion Sprinter | -5/Proximity Caves Mutant | -5/Factory Scavenger-Mutant | -5/Extension Resources | -11 -10 -9 -8 -7 -6 -6 -6 -5 -5 -5 ----------- Run | Yrd Mat Mat Mat Fac Fac Low Zio Pro Fac Ext Matter Collected 2164 | 200 218 153 333 268 140 . 104 292 12 444 Remotely . | . . . . . . . . . . . Salvage Created 2958 | . 643 160 878 500 304 . . 96 101 276 Parts 127 | . 42 9 32 18 14 . . 2 2 8 Haulers Intercepted . | . . . . . . . . . . . Recyclers Shooed 2 | . . . 1 . 1 . . . . . Parts Field Recycled . | . . . . . . . . . . . Retrieved Matter . | . . . . . . . . . . . Parts Self-Destructed 7 | . . . . . . . . 7 . . Prevented 4 | . . . . . . . . 4 . . Kills | -11 -10 -9 -8 -7 -6 -6 -6 -5 -5 -5 ------- Run | Yrd Mat Mat Mat Fac Fac Low Zio Pro Fac Ext Combat Hostiles Destroyed 64 | . 16 4 17 11 7 . . 4 3 2 Melee 5 | . . . . . . . . 1 2 2 Guns 42 | . 13 4 16 8 1 . . . . . Cannons 2 | . . . . . 2 . . . . . AOE 12 | . 3 . . 2 4 . . 3 . . Classes Destroyed 11 | . 5 1 1 1 2 . . 1 . . Worker 1 | . 1 . . . . . . . . . Builder 4 | . 2 1 . . 1 . . . . . Recycler 4 | . . . 2 1 . . . . . 1 Operator 3 | . 2 . 1 . . . . . . . Swarmer 18 | . 6 2 4 6 . . . . . . Grunt 34 | . 10 . 11 2 4 . . 4 3 . Duelist 1 | . . . . . 1 . . . . . Sentry 9 | . . 2 2 2 1 . . . . 2 Hunter 1 | . . . . . 1 . . . . . Programmer 1 | . . . . 1 . . . . . . Mutant 1 | . . . . . . . . 1 . . Best Kill Streak 6 | . 5 2 6 4 6 . . 3 3 2 Combat Bots Only 5 | . 3 2 4 4 5 . . 3 3 1 Max Kills in Single Turn 3 | . 3 1 1 2 3 . . 1 1 1 Gunslinging . | . . . . . . . . . . . Exploded 3 | . 2 . . 2 3 . . 1 . . Melee 1 | . . . . . . . . 1 1 1 Uniques/NPCs Destroyed . | . . . . . . . . . . . Combat | -11 -10 -9 -8 -7 -6 -6 -6 -5 -5 -5 -------- Run | Yrd Mat Mat Mat Fac Fac Low Zio Pro Fac Ext Hostile Shots Fired 649 | . 66 45 113 149 90 . . 32 49 105 Missed 202 | . 21 15 25 58 25 . . 8 12 38 Damage Taken 7569 | . 507 394 1354 1158 1097 . . 463 1024 1572 Core 1600 | . 93 35 190 68 37 . . 155 527 495 Absorbed by Shields . | . . . . . . . . . . . Redirected to Shielding 273 | . . . 65 208 . . . . . . Core Remaining (%) 80 | 100 62 91 65 90 . . . 77 . . Volleys Fired 218 | . 46 16 81 38 24 . . 12 . 1 Largest 2 | . 2 2 2 2 2 . . 1 . 1 Hottest 120 | . 106 112 119 120 120 . . 33 . 28 Shots Fired 392 | . 84 30 146 75 43 . . 12 . 2 Gun 363 | . 84 28 146 74 29 . . . . 2 Cannon 10 | . . . . . 10 . . . . . Launcher 19 | . . 2 . 1 4 . . 12 . . Special . | . . . . . . . . . . . Kinetic 41 | . . . 18 7 15 . . . . 1 Thermal 286 | . 38 28 128 67 24 . . . . 1 Explosive 19 | . . 2 . 1 4 . . 12 . . Electromagnetic 46 | . 46 . . . . . . . . . Robot Hit Streak 12 | . 6 5 12 6 5 . . 3 . 1 Robot Miss Streak 5 | . 4 3 5 5 4 . . 3 . 4 Penetration Max . | . . . . . . . . . . . Secondary Targets 2 | . 1 . . 1 . . . . . . Max Gunslinging Chain 1 | . 1 . . 1 . . . . . . Shots Hit Robots 265 | . 46 16 98 46 28 . . 8 9 14 Core Hits 158 | . 29 7 40 26 32 . . 15 4 5 Critical Kills . | . . . . . . . . . . . Critical Parts Destroyed . | . . . . . . . . . . . Critical Strikes 22 | . 1 3 10 2 . . . . 1 5 Burn 16 | . 1 3 10 2 . . . . . . Sever 5 | . . . . . . . . . . 5 Impale 1 | . . . . . . . . . 1 . Melee Attacks 68 | . . . . 3 9 . 1 6 31 18 Impact 12 | . . . . 3 9 . . . . . Slashing 18 | . . . . . . . . . . 18 Piercing 38 | . . . . . . . 1 6 31 . Sneak Attacks 1 | . . . . . . . . . . 1 Combat Hostiles . | . . . . . . . . . . . Follow-up Attacks . | . . . . . . . . . . . Damage Inflicted 6269 | . 786 255 1530 1158 946 . . 771 306 517 Guns 3705 | . 623 231 1530 954 349 . . . . 18 Cannons 111 | . . . . . 111 . . . . . Explosions 1520 | . 163 24 . 204 486 . . 643 . . Melee 924 | . . . . . . . . 128 297 499 Ramming 9 | . . . . . . . . . 9 . Kinetic 504 | . . . 174 107 205 . . . . 18 Thermal 3134 | . 445 231 1356 847 255 . . . . . Explosive 1357 | . . 24 . 204 486 . . 643 . . Electromagnetic 341 | . 341 . . . . . . . . . Impact . | . . . . . . . . . . . Slashing 499 | . . . . . . . . . . 499 Piercing 425 | . . . . . . . . 128 297 . Highest Corruption 21 | . . . . 2 . . . . 21 21 Average Corruption 18 | . . . . 1 . . . . 16 21 Corruption Purged . | . . . . . . . . . . . Corruption Blocked . | . . . . . . . . . . . Effects 41 | . . . . 1 . . . . 9 31 Message Errors 6 | . . . . . . . . . 2 4 Matter Fused 14 | . . . . 1 . . . . 4 9 Heat Flow Errors 4 | . . . . . . . . . . 4 Energy Discharges 3 | . . . . . . . . . . 3 Parts Rejected 4 | . . . . . . . . . . 4 Data Loss (minor) 5 | . . . . . . . . . 2 3 Data Loss (major) 1 | . . . . . . . . . 1 . Misfires 1 | . . . . . . . . . . 1 Alerts 2 | . . . . . . . . . . 2 Misdirections 1 | . . . . . . . . . . 1 Overload Shots . | . . . . . . . . . . . Overflow Damage 74 | . . . . . 43 . . 12 19 . Projectiles . | . . . . . . . . . . . Explosions 43 | . . . . . 43 . . . . . Melee 31 | . . . . . . . . 12 19 . Knockbacks . | . . . . . . . . . . . Impact . | . . . . . . . . . . . Kinetic . | . . . . . . . . . . . Secondary . | . . . . . . . . . . . Self-Inflicted Damage 253 | . 38 21 . 42 148 . . . 4 . Shots 7 | . 1 1 . 1 4 . . . . . Rammed 2 | . . . . . . . . . 2 . Targets Rammed 2 | . . . . . . . . . 2 . Kicked . | . . . . . . . . . . . Crushed . | . . . . . . . . . . . Highest Temperature 490 | . 427 490 348 12 318 . 309 166 . 221 Average Temperature 121 | . 115 198 149 4 151 . 133 48 . 106 Received Heat Transfer 2136 | . 189 153 711 102 240 . . 174 300 267 Effects 8 | . 1 4 1 . . . 2 . . . Shutdowns 1 | . . 1 . . . . . . . . Energy Bleed 2 | . . . . . . . 2 . . . Interference 4 | . 1 3 . . . . . . . . Short Circuit 1 | . . . 1 . . . . . . . Siege Activations . | . . . . . . . . . . . Robots Corrupted . | . . . . . . . . . . . Combat Hostiles . | . . . . . . . . . . . Parts Fried 2 | . 2 . . . . . . . . . Impact Corruptions . | . . . . . . . . . . . Robots Melted 2 | . . . 1 1 . . . . . . Combat Hostiles 2 | . . . 1 1 . . . . . . Parts Melted 15 | . . 3 6 4 2 . . . . . Heat Transferred 8142 | . 1038 814 4033 1813 444 . . . . . Parts Sabotaged . | . . . . . . . . . . . Parts Stolen . | . . . . . . . . . . . Parts Stripped . | . . . . . . . . . . . Power Chain Reactions 2 | . 2 . . . . . . . . . Alert | -11 -10 -9 -8 -7 -6 -6 -6 -5 -5 -5 ------- Run | Yrd Mat Mat Mat Fac Fac Low Zio Pro Fac Ext Peak Influence 341 | . 324 125 323 211 187 . . . 206 341 Initial 133 | . . 54 52 133 79 . . . 42 81 Average 129 | . 176 58 142 133 79 . . . 89 173 Maximum Alert Level 1 | . 1 . 1 1 . . . . 1 1 Low Security (%) 78 | . 53 100 63 90 100 . . . 98 67 Level 1 21 | . 46 . 36 9 . . . . 1 32 Level 2 . | . . . . . . . . . . . Level 3 . | . . . . . . . . . . . Level 4 . | . . . . . . . . . . . Level 5 . | . . . . . . . . . . . High Security . | . . . . . . . . . . . Max Security . | . . . . . . . . . . . Squads Dispatched 14 | . 3 1 3 2 2 . . . 2 1 Investigation 2 | . 1 . . . 1 . . . . . Extermination 2 | . . . . 1 . . . . 1 . Reinforcement 10 | . 2 1 3 1 1 . . . 1 1 Assault . | . . . . . . . . . . . Garrison . | . . . . . . . . . . . Intercept . | . . . . . . . . . . . Searches Triggered . | . . . . . . . . . . . Construction Impeded . | . . . . . . . . . . . Haulers Reinforced . | . . . . . . . . . . . Active Scanning Responses . | . . . . . . . . . . . Cargo Convoy Interrupts . | . . . . . . . . . . . Stealth | -11 -10 -9 -8 -7 -6 -6 -6 -5 -5 -5 --------- Run | Yrd Mat Mat Mat Fac Fac Low Zio Pro Fac Ext Distress Signals 10 | . 4 . 2 . . . . . . 4 Communications Jammed . | . . . . . . . . . . . Distress Signals . | . . . . . . . . . . . Times Spotted 139 | . 27 8 28 17 11 . . 8 12 28 Peak Tracking Total 12 | . 5 4 7 5 6 . . 4 7 12 Tactical Retreats 9 | . . . 3 . 1 . . 1 3 1 Traps | -11 -10 -9 -8 -7 -6 -6 -6 -5 -5 -5 ------- Run | Yrd Mat Mat Mat Fac Fac Low Zio Pro Fac Ext Traps Triggered 3 | . 1 . . 1 1 . . . . . Indirectly . | . . . . . . . . . . . Trap Hack Attempts . | . . . . . . . . . . . Triggered . | . . . . . . . . . . . Disarmed . | . . . . . . . . . . . Reprogrammed . | . . . . . . . . . . . Reused . | . . . . . . . . . . . Traps Extracted . | . . . . . . . . . . . Installed . | . . . . . . . . . . . Triggered 2 | . . . . . . . . 2 . . Machines | -11 -10 -9 -8 -7 -6 -6 -6 -5 -5 -5 ---------- Run | Yrd Mat Mat Mat Fac Fac Low Zio Pro Fac Ext Machines Disabled 4 | . 2 . 1 . . . . . . 1 Max in Single Turn 2 | . 2 . 1 . . . . . . . Machines Repaired . | . . . . . . . . . . . Machines Dismantled . | . . . . . . . . . . . Machines Sabotaged . | . . . . . . . . . . . Overloaded Fab Kills . | . . . . . . . . . . . Hacking | -11 -10 -9 -8 -7 -6 -6 -6 -5 -5 -5 --------- Run | Yrd Mat Mat Mat Fac Fac Low Zio Pro Fac Ext Machines Accessed 13 | . 1 . 2 2 2 . 1 . . 5 Terminals 9 | . 1 . 1 1 1 . . . . 5 Fabricators 1 | . . . . . 1 . . . . . Repair Stations . | . . . . . . . . . . . Recycling Units . | . . . . . . . . . . . Scanalyzers 2 | . . . 1 1 . . . . . . Garrison Access . | . . . . . . . . . . . Total Hacks 29 | . 1 . 6 4 3 . 8 . . 7 Successful 21 | . . . 5 2 2 . 8 . . 4 Failed 8 | . 1 . 1 2 1 . . . . 3 Catastrophic 2 | . . . . . 1 . . . . 1 Database Lockouts . | . . . . . . . . . . . Manual 17 | . 1 . 1 . . . . . 4 11 Terminals 11 | . 1 . 1 1 1 . . . . 7 Fabricators 2 | . . . . . 2 . . . . . Repair Stations . | . . . . . . . . . . . Recycling Units . | . . . . . . . . . . . Scanalyzers 8 | . . . 5 3 . . . . . . Garrison Access . | . . . . . . . . . . . Terminal Hacks 14 | . . . 1 . 1 . 8 . . 4 Part Schematic 8 | . . . . . . . 8 . . . Open Door 4 | . . . . . . . . . . 4 Branch Access Points 1 | . . . 1 . . . . . . . Alert Level 1 | . . . . . 1 . . . . . Fabricator Hacks 1 | . . . . . 1 . . . . . Load Schematic 1 | . . . . . 1 . . . . . Repair Station Hacks . | . . . . . . . . . . . Recycling Unit Hacks . | . . . . . . . . . . . Scanalyzer 6 | . . . 4 2 . . . . . . Insert Component 3 | . . . 2 1 . . . . . . Analyze 3 | . . . 2 1 . . . . . . Garrison Access Hacks . | . . . . . . . . . . . Unauthorized Hacks . | . . . . . . . . . . . Terminals . | . . . . . . . . . . . Fabricators . | . . . . . . . . . . . Repair Stations . | . . . . . . . . . . . Recycling Units . | . . . . . . . . . . . Scanalyzers . | . . . . . . . . . . . Garrison Access . | . . . . . . . . . . . Data Cores Recovered 1 | . 1 . . . . . . . . . Used . | . . . . . . . . . . . Hacking Detections 7 | . . . 1 1 1 . . . . 4 Full Trace Events . | . . . . . . . . . . . Feedback Events . | . . . . . . . . . . . Feedback Blocked . | . . . . . . . . . . . Robot Schematics Acquired 3 | . . . . . . . 3 . . . Robots Built . | . . . . . . . . . . . Authchips . | . . . . . . . . . . . Time . | . . . . . . . . . . . Total Robot Build Rating . | . . . . . . . . . . . Part Schematics Acquired 26 | . . . 2 1 . . 23 . . . Parts Built . | . . . . . . . . . . . Authchips . | . . . . . . . . . . . Time . | . . . . . . . . . . . Total Part Build Rating . | . . . . . . . . . . . Parts Repaired . | . . . . . . . . . . . Time . | . . . . . . . . . . . Parts Recycled . | . . . . . . . . . . . Recycled Matter . | . . . . . . . . . . . Retrieved Matter . | . . . . . . . . . . . Retrieved Components . | . . . . . . . . . . . Parts Scanalyzed 3 | . . . 2 1 . . . . . . Part Schematics Acquired 3 | . . . 2 1 . . . . . . Parts Damaged . | . . . . . . . . . . . Bothacking | -11 -10 -9 -8 -7 -6 -6 -6 -5 -5 -5 ------------ Run | Yrd Mat Mat Mat Fac Fac Low Zio Pro Fac Ext Used RIF Installer . | . . . . . . . . . . . Robots Hacked . | . . . . . . . . . . . Non-combat . | . . . . . . . . . . . Combat . | . . . . . . . . . . . Robot Hacks Applied . | . . . . . . . . . . . Relay Couplers Released 3 | . . . . 3 . . . . . . Programmers 3 | . . . . 3 . . . . . . Fabnet Peak Effective % . | . . . . . . . . . . . Robots Rewired 7 | . . . . . . . . . . 7 Allies Hacked . | . . . . . . . . . . . Hacks Repelled . | . . . . . . . . . . . Allies | -11 -10 -9 -8 -7 -6 -6 -6 -5 -5 -5 -------- Run | Yrd Mat Mat Mat Fac Fac Low Zio Pro Fac Ext Total Allies 24 | . . . . . . . 4 . 3 17 Largest Group 7 | . . . . . . . 4 4 3 7 Highest-Rated Group 330 | . . . . . . . 151 151 210 330 Highest-Rated Ally 70 | . . . . . . . 40 40 70 70 Zionite Dispatches 4 | . . . . . . . . . 1 3 Light 2 | . . . . . . . . . 1 1 Recon 1 | . . . . . . . . . . 1 Hacking Resupply 1 | . . . . . . . . . . 1 Total Orders 3 | . . . . . . . . . . 3 DROP 1 | . . . . . . . . . . 1 EXPLORE 2 | . . . . . . . . . . 2 Ally Attacks 110 | . . . . . . . . 27 13 70 Total Damage 1857 | . . . . . . . . 346 343 1168 Kills 18 | . . . . . . . . 2 2 14 Allies Corrupted . | . . . . . . . . . . . Allies Melted . | . . . . . . . . . . . Intel | -11 -10 -9 -8 -7 -6 -6 -6 -5 -5 -5 ------- Run | Yrd Mat Mat Mat Fac Fac Low Zio Pro Fac Ext Robot Analysis Total . | . . . . . . . . . . . Derelict Logs Recovered 1 | . . . . . . . . 1 . . Drone Launches 3 | . . . . . . . . . . 3 Drone Recoveries 3 | . . . . . . . . . . 3 Decoded 0b10 Intel 14 | . . . . . . . . . 7 7 Traps 12 | . . . . . . . . . 7 5 Emergency Access 2 | . . . . . . . . . . 2 Zionite Intel Received 1 | . . . . . . . . . . 1 Active Terminals 1 | . . . . . . . . . . 1 Exploration | -11 -10 -9 -8 -7 -6 -6 -6 -5 -5 -5 ------------- Run | Yrd Mat Mat Mat Fac Fac Low Zio Pro Fac Ext Turns Passed 6146 | . 904 667 1186 984 609 28 403 337 372 656 Spaces Moved 4274 | 1 428 293 491 662 398 19 900 437 258 387 Core 108 | . . . . . . . . . 97 11 Treads 20 | . . . 5 . . . . . . 15 Legs 2591 | 1 428 293 486 662 398 . . . . 323 Wheels . | . . . . . . . . . . . Hover 143 | . . . . . . . . . 105 38 Flight 1412 | . . . . . . 19 900 437 56 . Fastest Speed 21 | 120 120 190 120 120 120 21 21 21 50 50 Average Speed 102 | 120 169 190 168 120 121 21 21 34 88 114 Slowest Speed 400 | 120 260 190 305 120 190 21 21 192 400 280 Overloaded Moves . | . . . . . . . . . . . Propulsion Burnouts . | . . . . . . . . . . . Robots Hopped . | . . . . . . . . . . . Cave-ins Triggered 4 | . . . . . . . . . 4 . Exploration Rate (%) 33 | 2 75 28 44 17 13 4 90 48 7 43 Regions Visited 10 Branch Regions 4 Pre-discovered Areas 2 | . . . . . . . 2 . . . Known Exits Taken . | . . . . . . . . . . . Unknown Exits Taken 10 | 1 1 1 1 1 1 1 1 1 1 . Scrap Searched 6 | . . . . . . . 4 2 . . Spaces Dug 54 | . . 17 . 3 4 . . 12 18 . Terrain Destroyed 178 | . 8 17 . 8 45 . . 82 18 . Melee 25 | . . . . 3 4 . . . 18 . Projectile 1 | . . . . . 1 . . . . . AOE 152 | . 8 17 . 5 40 . . 82 . . Terrain Rammed . | . . . . . . . . . . . Walls Destroyed . | . . . . . . . . . . . Machines Disabled . | . . . . . . . . . . . Actions | -11 -10 -9 -8 -7 -6 -6 -6 -5 -5 -5 --------- Run | Yrd Mat Mat Mat Fac Fac Low Zio Pro Fac Ext Total 5529 | . 531 373 719 769 474 41 1116 600 341 565 Wait 556 | . 4 38 59 24 15 2 189 138 40 47 Move 4263 | . 427 292 490 661 397 18 899 436 256 387 Hop . | . . . . . . . . . . . Pick Up 81 | . 24 7 23 9 7 1 9 1 . . Fast Attach 47 | . 3 . 9 4 2 . 1 . 1 27 Attach 30 | . 1 4 4 6 6 3 1 3 2 . Detach 5 | . . . . . . 2 1 2 . . Swap 86 | . 11 11 18 15 11 9 3 1 . 7 Drop 107 | . 15 5 35 9 3 6 12 1 8 13 Fire 218 | . 46 16 81 38 24 . . 12 . 1 Melee 68 | . . . . 3 9 . 1 6 31 18 Ram 2 | . . . . . . . . . 2 . Kick . | . . . . . . . . . . . Crush . | . . . . . . . . . . . Escape Stasis 1 | . . . . . . . . . 1 . Rewire 65 | . . . . . . . . . . 65 Trap . | . . . . . . . . . . . Miscellaneous . | . . . . . . . . . . . Route ------- -11/Scrapyard -10/Materials (discovered 2 exits: [*Mat x2]) -9/Materials -8/Materials -7/Factory -6/Factory -6/Lower Caves -6/Zion -5/Proximity Caves -5/Factory (discovered 2 exits: Upp / *Ext) -5/Extension History --------- Turn | Location | Event 1 | -11/Scrapyard | Discovered new exit (range 0) 1 | -11/Scrapyard | Entered Materials 150 | -10/Materials | Discovered new exit (range 10) 315 | -10/Materials | Build established: Mutant 394 | -10/Materials | Discovered new exit (range 6) 905 | -10/Materials | Entered another Materials area 905 | -9/Materials | Evolved 2 slots: Propulsion x2 1470 | -9/Materials | Discovered new exit (range 16) 1572 | -9/Materials | Entered another Materials area 1572 | -8/Materials | Evolved 2 slots: Propulsion x1, Utility x1 1878 | -8/Materials | Build established: Scavenger-Mutant 2103 | -8/Materials | Lost 3 parts (3n) 2754 | -8/Materials | Discovered new exit (range 4) 2758 | -8/Materials | Entered Factory 2758 | -7/Factory | Evolved 2 slots: Propulsion x1, Utility x1 2860 | -7/Factory | Build established: Mutant 3738 | -7/Factory | Discovered new exit (range 3) 3742 | -7/Factory | Entered another Factory area 3742 | -6/Factory | Evolved 2 slots: Power x1, Utility x1 4212 | -6/Factory | Lost 4 parts (3n1w) 4342 | -6/Factory | Discovered new exit (range 7) 4351 | -6/Factory | Entered Lower Caves 4372 | -6/Lower Caves | Lost 3 parts (1n1u1w) 4376 | -6/Lower Caves | A Derelict revealed a hidden shortcut to a safe place 4379 | -6/Lower Caves | Entered Zion 4417 | -6/Zion | Learned location of Warlord (-4) 4434 | -6/Zion | Found CR-A16's Pointy Stick 4477 | -6/Zion | Imprinted 4479 | -6/Zion | Declared Zion's savior 4512 | -6/Zion | Found Prototype Launcher 4512 | -6/Zion | Identified Gui. Missile Launcher 4521 | -6/Zion | Given the Hacking Drone Bay 4521 | -6/Zion | Found Prototype Device 4555 | -6/Zion | Found GAL Module 4578 | -6/Zion | Found Prototype Energy Gun 4593 | -6/Zion | Identified Storm Laser 4601 | -6/Zion | Identified Hacking Drone Bay 4641 | -6/Zion | Build established: Sprinter 4654 | -6/Zion | Discovered new exit (range 10) 4782 | -6/Zion | Entered Proximity Caves 4782 | -5/Proximity Caves | Accompanied by 4 allies 4783 | -5/Proximity Caves | Learned 4 Factory zone layouts 4972 | -5/Proximity Caves | Lost 3 allies 5087 | -5/Proximity Caves | Lost 4 parts (3n1w) 5095 | -5/Proximity Caves | Discovered new exit (range 6) 5119 | -5/Proximity Caves | Entered Factory 5119 | -5/Factory | Evolved 2 slots: Propulsion x2 5120 | -5/Factory | Identified exit to Upper Caves 5289 | -5/Factory | Crushed by falling debris 5307 | -5/Factory | Crushed by falling debris 5308 | -5/Factory | System corruption reached 10% 5312 | -5/Factory | Build established: Mutant 5335 | -5/Factory | Crushed by falling debris 5364 | -5/Factory | Crushed by falling debris 5372 | -5/Factory | Core integrity fell below 50% 5389 | -5/Factory | Zion Light squad teleported in 5395 | -5/Factory | Lost 7 parts (2n4u1w) 5447 | -5/Factory | Discovered new exit (range 16) 5491 | -5/Factory | Entered Extension 5512 | -5/Extension | Lost 3 allies 5582 | -5/Extension | Zion Light squad teleported in 5606 | -5/Extension | Rescued a captive Derelict 5606 | -5/Extension | Rescued a captive Derelict 5661 | -5/Extension | Zion Recon squad teleported in 5664 | -5/Extension | Core integrity fell below 20% 5722 | -5/Extension | Lost 5 allies 5866 | -5/Extension | Zion Hacking Resupply teleported in 5896 | -5/Extension | Retrieved Zion intel report: Active Terminals 5965 | -5/Extension | Lost 5 allies 6010 | -5/Extension | Build established: Scavenger-Mutant 6034 | -5/Extension | Rescued a captive Derelict 6035 | -5/Extension | Rescued a captive Derelict 6079 | -5/Extension | Rescued a captive Derelict 6096 | -5/Extension | Rescued a captive Derelict 6135 | -5/Extension | Spotted B-75 Beast 6142 | -5/Extension | Spotted B-75 Beast 6143 | -5/Extension | Released all parts (13) 6147 | -5/Extension | Destroyed by Y-64 Sentinel with KE Penetrator Last Messages --------------- 06131_ >> DECODED: Emergency access location. 06137_ System corrupted: Hyp. Gauss Rifle rejected. 06140_ Adv. Heat Sink destroyed. 06143_ Machine disabled. 06143_ Carbon-fiber Leg destroyed. 06143_ Released Lgt. Deuterium Engine. 06143_ Released Imp. Treads. 06143_ Released Carbon-fiber Leg. 06143_ Released Mak. Hacking Suite. 06143_ Released Adv. Terrain Scan Processor. 06143_ Released Carbon-fiber Leg. 06143_ Released Lgt. Antimatter Reactor. 06143_ Released 0b10 Decoder Chip [Scout]. 06143_ Released Carbon-fiber Leg. 06143_ Released Ripper. 06143_ Released Carbon-fiber Leg. 06143_ Released Imp. Treads. 06144_ Penetrated by Slug. 06146_ Machine disabled. 06147_ Penetrated by Slug. Map ----- +----------------------------------------------------+ | ???????###T# ##### #?????????????????????????????? | | ?????????### #???# #??????????^??????????????????? | | ???????????# #???# #?????????????????????????????? | | ???????????# #???# #?????????????????????????????? | | ???????????# #???# #?????????????????????????????? | | ???????????# #???# #?????????????????????????????? | | ???????????# #???# #?????????????????????????????? | | ???????????# #???# #?????????????????????????????? | | ???????????# #???# #?????????????????????????????? | | ??????????## #???# #?????????????????????????????? | | ??????????#T #???# #?????????????????????????????? | | ??????????## #???# #?????????????????????????????? | | ???????????# #???# #?????????????????????????????? | | ???????????###???# #?????????????????????????????? | | ?????????????????# #?????????????????????????????? | | ?????????????????# #?????????????????????????????? | | ?????????????????#[#?????????????????????????????? | | ?????????????????# #????###???#??????????????????? | | ?????????????????# #?####;#?? #??????????????????? | | ???????????????###=### ## ### ###????????????????? | | ???????????????#"==""Y " ""#????????????????? | | ???????????????# =**= Y " #????????????????? | | ??????????????## /== #????????????????? | | ??????????????#; #????????????????? | | ??????????????## ##???????????????? | | ???????? R @ ????????? | | ??????? ????????? | | ?????? ????????? | | ??????? ?????????? | | ??????? R R ?????????? | | ???????######### BB BB #######??????????? | | ???????????????# BB BB #????????????????? | | ???????????????# #????????????????? | | ???????????????# #????????????????? | | ???????????????# #????????????????? | | ???????????????######T#"""#######????????????????? | | ????????????????????##???????????????????????????? | | ?????????????????????????????????????????????????? | | | | | | | | | | | | | | | | | | | | | | | | | +----------------------------------------------------+ Best States ------------- Heat Dissipation 78 Energy Generation 35 Energy Capacity 490 Matter Stores 341 Matter Capacity 500 Sight Range 20 Robot Scan Range 15 Terrain Scan Density 210 Base Temperature (-) 100 Armor Coverage 225 Propulsion Shielding 66 Weapon Cycling 15 Evasion (%) 65 Recoil Reduction 2 Offensive Hacking 11 Item Schematics ----------------- Cesium-ion Thruster | -8/Materials | Scanalyzed Propulsion Shielding | -8/Materials | Scanalyzed Imp. Propulsion Shielding | -7/Factory | Scanalyzed EM Disruption Field | -6/Zion | Archive Imp. Shock Absorption System | -6/Zion | Archive Mass Driver | -6/Zion | Archive Imp. Proton Missile Launcher | -6/Zion | Archive Imp. Plasma Cutter | -6/Zion | Archive Energy Well | -6/Zion | Archive Centrium Wheel | -6/Zion | Archive Imp. Armor Integrity Analyzer | -6/Zion | Archive Adv. Terrain Scanner | -6/Zion | Archive Adv. Shield Generator | -6/Zion | Archive Hpw. Shock Rifle | -6/Zion | Archive Imp. Focal Shield | -6/Zion | Archive Imp. Reaction Control System | -6/Zion | Archive Adv. System Restoration Module | -6/Zion | Archive Imp. System Restoration Module | -6/Zion | Archive Beamcaster | -6/Zion | Free Riot Gun | -6/Zion | Free Arc Thrower | -6/Zion | Free Battle Cannon | -6/Zion | Free Slug Cannon | -6/Zion | Free Flamer | -6/Zion | Free Enh. Flamer | -6/Zion | Free Ripper | -6/Zion | Free Robot Schematics ------------------ A-02 Transporter | -6/Zion | Archive K-01 Serf | -6/Zion | Archive C-57 Dissector | -6/Zion | Archive Fabricated ------------ Nothing Alien Tech Used ----------------- None Achievements -------------- None Challenges ------------ None Game ------ Seed ProjectionThiefStorage Manual? 0 Play Time 02:34:01 Cumulative 72.7 hours Start 2024.07.16 @ 19:17:11 End 2024.07.16 @ 22:08:32 Sessions 1 Manual Loads 0 Difficulty Rogue Special Mode None Game No. 36 Rogue 36 Adventurer 0 Explorer 0 Win Type - Total 0 Types 0/0/0/0/0/0/0/0/0 Lore% 23 Gallery% 42 Achievement% 28 Wizard Run 0 Options --------- Layout 0 ASCII 0 Keyboard 0 Movement Mouse Keybinds 0 Fullscreen 1 Font 18/SmallcapsGlow Map View 76x50 Zoom Use 0% Tactical HUD 1 Map Filters NONE Filters NONE Steam 1 RUN: 585be971-2d9a-4e60-8a2b-b9c590689029